 Dungeon Crawl Stone Soup version 0.25-a0-478-g33c61bdccf (webtiles) character file.

Game seed: 603360414417353772, levelgen mode: deterministic

18 vurker the Gusty (level 2, 0/12 HPs)
             Began as a Felid Air Elementalist on Feb 8, 2020.
             Slain by a gnoll
             ... wielding a +0 spear
              (5 damage)
             ... on level 2 of the Dungeon.
             The game lasted 00:01:19 (1522 turns).

vurker the Gusty (Felid Air Elementalist)           Turns: 1522, Time: 00:01:20

Health: 0/12       AC:  1    Str:  4    XL:     2   Next: 48%
Magic:  0/6        EV: 18    Int: 16    God:
Gold:   77         SH:  0    Dex: 16    Spells: 4/5 levels left
                                        Lives:  0   Deaths: 0

rFire    . . .     SeeInvis +   (weapon unavailable)
rCold    . . .     Gourm    .   (shield unavailable)
rNeg     + . .     Faith    .   (armour unavailable)
rPois    .         Spirit   .   (helmet unavailable)
rElec    .         Reflect  .   (cloak unavailable)
rCorr    .         Harm     .   (gloves unavailable)
MR       .....                  (boots unavailable)
Stlth    +++.......             (no amulet)
HPRegen  0.04/turn              d - ring of positive energy
MPRegen  0.10/turn              (no ring)

@: quick
A: very small, no armour, no weapons or thrown items, stealth, claws 1, fangs 3,
see invisible, carnivore, speed 1, shaggy fur 1, slow metabolism 1, sharp paws
a: no special abilities


You were on level 2 of the Dungeon.
You were full.

You visited 1 branch of the dungeon, and saw 2 of its levels.

You collected 77 gold pieces.

Inventory:

Jewellery
 d - a ring of positive energy (left paw)
   (You found it on level 1 of the Dungeon)
Scrolls
 a - 2 scrolls of teleportation {unknown}
 b - 2 scrolls of identify {unknown}
 h - a scroll of enchant weapon {unknown}
 j - a scroll of remove curse {unknown}
 k - a scroll of enchant armour {unknown}
 l - 2 scrolls of fear {unknown}
Potions
 c - a potion of resistance {unknown}
 f - a potion of mutation {unknown}
 g - a potion of flight {unknown}
 i - a potion of curing {unknown}
 m - 2 potions of invisibility {unknown}
Comestibles
 e - 4 rations


   Skills:
 + Level 0.4 Fighting
 - Level 2.6 Dodging
 - Level 2.6 Stealth
 * Level 2.3 Spellcasting
 * Level 1.3 Conjurations
 * Level 3.0 Air Magic


You had 4 spell levels left.
You knew the following spells:

 Your Spells              Type           Power        Failure   Level  Hunger
a - Shock                 Conj/Air       #...         9%          1    #......

Your spell library contained the following spells:

 Spells                   Type           Power        Failure   Level  Hunger
 Swiftness                Chrm/Air       #.......     17%         2    ###....
 Static Discharge         Conj/Air       #.......     24%         3    ###....
 Airstrike                Air            ##........   50%         4    #####..
 Lightning Bolt           Conj/Air       #.........   92%         5    ######.


Dungeon Overview and Level Annotations

Branches:
Dungeon (2/15)

Altars:


Innate Abilities, Weirdness & Mutations

You cannot wear armour.
You are incapable of wielding weapons or throwing items.
Your paws allow you to move quietly. (Stealth)
You have sharp claws.
You have razor-sharp teeth.
You have supernaturally acute eyesight. (SInv)
You are carnivorous and can eat meat at any time.
You cover ground quickly.
You are covered in fur. (AC +1)
You have a slow metabolism.
Your sharp claws are effective at attacking unaware monsters.


Message History

You can't see any susceptible monsters within range! (Use Z to cast anyway.)
You can't see any susceptible monsters within range! (Use Z to cast anyway.)
Found 19 stones.
Found 10 gold pieces.
Found 25 stones.
You now have 77 gold pieces (gained 10).
You see here 25 stones.
You open the door.
There is an open door here.
You open the door.
There is an open door here.
A hobgoblin comes into view. It is wielding a +0 club.
A hobgoblin is nearby!
Aim: a hobgoblin, wielding a +0 club (resting)
The zap hits the hobgoblin.
The hobgoblin shouts!
The zap hits the hobgoblin.
You kill the hobgoblin!
Your Air Magic skill increases to level 3!
You hear a shout! x2
A gnoll comes into view. It is wielding a +0 spear.
Aim: a gnoll, wielding a +0 spear The zap misses the gnoll.
Aim: a gnoll, wielding a +0 spear The zap hits the gnoll but does no damage.
The teleport trap disappears.
The gnoll disappears!
Aim: a gnoll, wielding a +0 spear You miscast Shock.
You are very lightly contaminated with residual magic.
Nothing appears to happen.
Aim: a gnoll, wielding a +0 spear The zap hits the gnoll.
Aim: a gnoll, wielding a +0 spear (moderately wounded)
The zap hits the gnoll.
The gnoll hits you from afar with a +0 spear.
Unknown command.
A gnoll comes into view. It is wielding a +0 halberd.
The gnoll hits you from afar with a +0 spear!
Ouch! That really hurt!
* * * LOW HITPOINT WARNING * * *
The gnoll shouts!
Your magical contamination has completely faded away.
The zap hits the gnoll. x2
A gnoll comes into view. It is wielding a +0 spear.
Sorry, you're not good enough to have a special ability.
You don't know that spell.
The zap misses the gnoll. x2; The gnoll misses you.
The zap hits the gnoll. x2
The gnoll hits you from afar with a +0 spear.
You die...

### # ..# ### #
#.# ##.## ### #
#.#####.#.########
##.## #
.g.........g.....#
##.#.## ##
#.#.###.#.######g#
##.###.###.
#....###.## #.#
##.## ##.##.
#.....#### #@#
#.## ##... .....##
#.# ##.## ##.###
###.## ###.#
##.###.## # #.#
##.#g# ##.#.## #.#
#....# ##.## ##'##
##.### #.# ##...##
#.# ##.## #.....##
##.# #...#
.......## ##..#
#.#.## #


You could see 2 gnolls.

Vanquished Creatures
  A dart slug (D:2)
  A leopard gecko (D:1)
  3 goblins
  4 hobgoblins (D:2)
  2 frilled lizards
  A kobold (D:1)
  2 rats (D:2)
14 creatures vanquished.

Notes
Turn   | Place    | Note
-------+----------+-------------------------------------------
     0 | D:1      | vurker the Felid Air Elementalist began the quest for the
                  | Orb.
     0 | D:1      | Reached XP level 1. HP: 7/7 MP: 4/4
   131 | D:1      | Reached skill level 1 in Conjurations
   829 | D:2      | Reached XP level 2. HP: 12/12 MP: 4/6
  1489 | D:2      | Reached skill level 3 in Air Magic
  1522 | D:2      | Slain by a gnoll

Levels and vault maps discovered:
D:1:      lightli_arrival_lavapool, layout_basic
D:2:      layout_loops_corners

Skill      XL: |  1  2 |
---------------+-------+-----
Conjurations   | 1 |  1.3
Air Magic      | 3 |  3.0
Fighting       | |  0.4
Dodging        | |  2.6
Stealth        | |  2.6
Spellcasting   | |  2.3

Action                   || total
-------------------------++-------
 Cast: Shock             ||    32
  Eat: Chunk             ||     6
Dodge: Dodged            ||     1

Table legend:
 A = Non-vault XP
 B = Vault XP
 C = Vault XP percentage of total XP
 D = Non-vault monster count
 E = Vault monster count
 F = Vault count percentage of total count
                 A         B        C        D         E       F
            +---------+---------+-------+---------+---------+-------
      Total |      26 |       0 |   0.0 |      14 |       0 |   0.0
            +---------+---------+-------+---------+---------+-------
        D:1 |       9 |       0 |   0.0 |       5 |       0 |   0.0
        D:2 |      17 |       0 |   0.0 |       9 |       0 |   0.0
            +---------+---------+-------+---------+---------+-------
